 Dungeon Crawl Stone Soup version 0.32-a0-834-geaf45d8e21 (webtiles) character file.

Game seed: 4924557562709658411

77 jasper the Chopper (level 4, -5/34 (35) HPs)
             Began as a Demonspawn Fighter on Mar 25, 2024.
             Slain by a sleepcap (19 damage)
             ... on level 3 of the Dungeon.
             The game lasted 00:02:36 (1802 turns).

jasper the Chopper (Demonspawn Fighter)             Turns: 1802, Time: 00:02:37

HP:   -5/34 (35)    AC: 11    Str: 18    XL:     4   Next: 13%
MP:   4/4           EV:  2    Int:  9    God:
Gold: 73            SH:  0    Dex: 12    Spells: 3/3 levels left

rFire   . . .        a - +0 war axe
rCold   . . .        c - +0 buckler
rNeg    + . .        p - +0 plate armour
rPois   +            (helmet restricted)
rElec   .            (no cloak)
rCorr   .            (no gloves)
SInv    .            (no boots)
Will    .....        (no amulet) Stlth
                     r - ring of positive energy
HPRegen 0.25/turn    s - ring of poison resistance
MPRegen 0.09/turn

%: no passive effects
@: sleeping, lightly drained
A: antennae 2, powered by pain 1
a: no special abilities


You were on level 3 of the Dungeon.
You visited 1 branch of the dungeon, and saw 3 of its levels.

You collected 73 gold pieces.

Inventory:

Hand Weapons
 a - a +0 war axe (weapon)
Missiles
 f - 39 stones (quivered)
Armour
 b - a +0 scale mail
 c - a +0 buckler (worn)
 j - a +0 chain mail
 p - a +0 plate armour (worn)
Jewellery
 r - a ring of positive energy (left hand)
 s - a ring of poison resistance (right hand)
Wands
 q - a wand of flame (10)
Scrolls
 k - 4 scrolls of identify {unknown}
 o - a scroll of revelation
Potions
 d - a potion of might
 e - 2 potions of invisibility {unknown}
 g - 4 potions of curing {unknown}
 h - a potion of ambrosia {unknown}
 i - 4 potions of haste {unknown}
 l - a potion of degeneration {unknown}
 m - 2 potions of heal wounds {unknown}
 n - a potion of brilliance {unknown}


   Skills:
 - Level 3.0 Fighting
 + Level 4.0 Axes
 - Level 2.6 Armour
 - Level 2.6 Shields


You had 3 spell levels left.
You didn't know any spells.
Your spell library contained the following spells:

 Spells                   Type           Power      Damage    Failure   Level
 Necrotise                Necr           0%         1d4       100%        1
 Sting                    Conj/Alch      0%         1d3       100%        1
 Mercury Vapours          Alch/Air       0%         N/A       100%        2
 Vampiric Draining        Necr           0%         2d6       100%        3
 Martyr's Knell           Necr/Summ      0%         N/A       100%        4
 Olgreb's Toxic Radiance  Alch           0%         N/A       100%        4
 Curse of Agony           Necr           0%         N/A       100%        5


Dungeon Overview and Level Annotations

Branches:
Dungeon (3/15)

Altars:

Shops:
D:2 (


Innate Abilities, Weirdness & Mutations

You have a pair of antennae on your head.
You sometimes gain a little power by taking damage.


Message History

Done exploring.
Done exploring.
There is an escape hatch in the floor here.
There is a stone staircase leading down here.
You climb downwards.
There is a stone staircase leading up here.
A ball python comes into view.
The ball python hisses angrily.
A ball python is nearby!
The ball python bites you but does no damage.
You block the ball python's attack.
You hit the ball python.
You kill the ball python!
You see here a ball python corpse.
Found an escape hatch in the ceiling.
You sense a monster nearby.
There is an escape hatch in the ceiling here.
A sleepcap comes into view.
You hit the sleepcap but do no damage.
The sleepcap releases spores at you but does no damage.
You hit the sleepcap but do no damage. The sleepcap releases spores at you.
You are engulfed in a cloud of soporific spores!
You fall asleep.
The sleepcap releases spores at you!
You wake up.
You take 17 damage, and have 17/34 hp.
MASSIVE DAMAGE!!
You hit the sleepcap.
The sleepcap is lightly damaged.
The sleepcap barely misses you.
You hit the sleepcap but do no damage.
The sleepcap is lightly damaged.
The sleepcap releases spores at you but does no damage.
You hit the sleepcap but do no damage.
The sleepcap is lightly damaged.
The sleepcap releases spores at you.
You are engulfed in a cloud of soporific spores!
You fall asleep.
The sleepcap completely misses you. The sleepcap releases spores at you!!
Ouch! That really hurt!
You die...

#.# #.# #.#
###.#######
#.........#
#.#.#####.#
#.#.# .#
###.#.#####f#
#.†.#<#...@.#
#.#####.#####
#......<....#
#######.##.##
#.# .. #.# ##
#.. ###


You could see a sleepcap.

Vanquished Creatures
  An adder (D:2)
  5 dart slugs
  2 ribbon worms (D:2)
  2 endoplasms (D:1)
  2 giant cockroaches (D:2)
  6 goblins
  3 hobgoblins
  2 jackals (D:1)
  6 kobolds
  4 quokkas
  5 ball pythons
  5 bats
  5 frilled lizards
  7 rats
55 creatures vanquished.

Notes
Turn   | Place    | Note
-------+----------+-------------------------------------------
     0 | D:1      | jasper the Demonspawn Fighter began the quest for the Orb.
     0 | D:1      | Reached XP level 1. HP: 18/18 MP: 1/1
    91 | D:1      | Reached skill level 2 in Axes
   175 | D:1      | Gained mutation: You sometimes gain a little power by
                  | taking damage. [demonic ancestry]
   175 | D:1      | Reached XP level 2. HP: 20/24 MP: 2/2
   419 | D:1      | Reached skill level 3 in Axes
   531 | D:1      | Gained mutation: You have a pair of small antennae on your
                  | head. [demonic ancestry]
   531 | D:1      | Reached XP level 3. HP: 28/29 MP: 3/3
  1363 | D:2      | Gained mutation: You have a pair of antennae on your head.
                  | [demonic ancestry]
  1363 | D:2      | Reached XP level 4. HP: 25/35 MP: 4/4
  1368 | D:2      | Reached skill level 4 in Axes
  1697 | D:2      | Found Qacaonno's Weapon Emporium.
  1802 | D:3      | Slain by a sleepcap

Illustrated notes

Levels and vault maps discovered:
D:1:      dpeg_arrival_stonehenge_8_columns, layout_basic
D:2:      minmay_razor_zed, layout_basic, serial_shops, nicolae_shop_crystal
D:3:      minmay_roachtagon, layout_basic, nicolae_qazlal_general_emergency,
          mainiacjoe_overflow_alcove_4, ebering_ecumenical_altar_rust

Skill      XL: |  1  2  3  4 |
---------------+-------------+-----
Axes           | 2 3 4 |  4.0
Fighting       | |  3.0
Armour         | |  2.6
Shields        | |  2.6

Action                     |  1- 3 |  4- 6 || total
---------------------------+-------+-------++-------
  Melee: War axe           |    99 |    24 ||   123
    Use: Scroll            |     1 |       ||     1
 Armour: Scale mail        |    34 |       ||    34
         Chain mail        |    52 |       ||    52
         Plate armour      |    33 |    27 ||    60
  Dodge: Dodged            |    35 |     8 ||    43
  Block: Buckler           |    29 |     5 ||    34

Table legend: (Time is in decaauts)
 A = Elapsed time spent in this place.
 B = Non-inter-level travel time spent in this place.
 C = Inter-level travel time spent in this place.
 D = Time resting spent in this place.
 E = Time spent auto-exploring this place.
 F = Levels seen in this place.
 G = Mean time per level.
                   A        B        C        D        E       F      G
               +--------+--------+--------+--------+--------+-----+--------+
         Total |   1852 |   1781 |     71 |    145 |   1164 |   3 |  617.3 |
       Dungeon |   1852 |   1781 |     71 |    145 |   1164 |   3 |  617.3 |
               +--------+--------+--------+--------+--------+-----+--------+

Top non-repeatable levels by time:
     D:2: 1073 daAuts
     D:1: 748 daAuts
     D:3: 30 daAuts
